 Dungeon Crawl Stone Soup version 0.21.1-1-g345015f (webtiles) character file.

175 iamserjio the Sneak (level 5, 0/43 HPs)
             Began as a Gnoll Assassin on June 24, 2018.
             Slain by a worker ant (4 damage)
             ... on level 4 of the Dungeon.
             The game lasted 00:08:32 (1026 turns).

iamserjio the Sneak (Gnoll Assassin)                Turns: 1026, Time: 00:08:33

Health: 0/43       AC:  4    Str: 13    XL:     5   Next: 55%
Magic:  3/7        EV: 13    Int: 14    God:
Gold:   119        SH:  0    Dex: 17    Spells: 2/7 levels left

rFire    . . .     SeeInvis .   u - +0 falchion
rCold    . . .     Gourm    .   (no shield)
rNeg     . . .     Faith    .   c - +0 robe
rPois    .         Spirit   .   j - +0 helmet
rElec    .         Reflect  .   d - +0 cloak
rCorr    .         Harm     .   (no gloves)
MR       .....                  (no boots)
Stlth    ++++......             (no amulet)
HPRegen  0.14/turn              (no ring)
MPRegen  0.10/turn              (no ring)

@: very slightly contaminated
A: distributed training, fangs 1, strong nose
a: no special abilities


You were on level 4 of the Dungeon.
You were very hungry.

You visited 1 branch of the dungeon, and saw 4 of its levels.

You collected 119 gold pieces.

Inventory:

Hand Weapons
 a - a +2 dagger
 b - a +0 blowgun
 p - a +0 hunting sling
 u - a +0 falchion (weapon)
Missiles
 e - 8 poisoned needles
 q - 70 stones (quivered)
Armour
 c - a +0 robe (worn)
 d - a +0 cloak (worn)
 j - a +0 helmet (worn)
 l - a +0 ring mail
Wands
 r - a wand of random effects (18)
Scrolls
 h - 2 scrolls of remove curse {unknown}
 n - 2 scrolls of teleportation {unknown}
 t - a scroll of fear {unknown}
Potions
 i - a potion of might
 k - a potion of haste
 m - a potion of magic
 o - 2 potions of lignification
Books
 s - a book of Necromancy

   Spells                             Type                      Level
   a - Pain                           Necromancy                   1
   b - Animate Skeleton               Necromancy                   1
   c - Vampiric Draining              Necromancy                   3
   d - Regeneration                   Charms/Necromancy            3
   e - Animate Dead                   Necromancy                   4
   f - Borgnjor's Vile Clutch         Necromancy/Earth             5
Comestibles
 g - 6 rations


   Skills:
 + Level 4.8 Fighting
 + Level 4.8 Short Blades
 + Level 1.5 Long Blades
 + Level 1.5 Axes
 + Level 1.5 Maces & Flails
 + Level 1.5 Polearms
 + Level 1.5 Staves
 + Level 1.5 Slings
 + Level 1.5 Bows
 + Level 1.5 Crossbows
 + Level 4.8 Throwing
 + Level 1.5 Armour
 + Level 3.0 Dodging
 + Level 7.9 Stealth
 + Level 1.5 Shields
 + Level 1.5 Unarmed Combat
 + Level 1.5 Spellcasting
 + Level 1.2 Conjurations
 + Level 1.2 Hexes
 + Level 1.2 Charms
 + Level 1.2 Summonings
 + Level 1.2 Necromancy
 + Level 1.2 Translocations
 + Level 1.2 Transmutations
 + Level 1.2 Fire Magic
 + Level 1.2 Ice Magic
 + Level 1.2 Air Magic
 + Level 1.2 Earth Magic
 + Level 1.2 Poison Magic
 + Level 1.7 Invocations
 + Level 1.5 Evocations


You had 2 spell levels left.
You knew the following spells:

 Your Spells              Type           Power        Failure   Level  Hunger
a - Animate Skeleton      Necr           N/A          16%         1    ##.....
b - Regeneration          Chrm/Necr      #.........   41%         3    ####...
c - Pain                  Necr           #...         16%         1    ##.....


Dungeon Overview and Level Annotations

Branches:
Dungeon (4/15)
 Temple: D:4-7

Altars:
Elyvilon
Nemelex Xobeh
Sif Muna
Trog

Annotations:
D:4 sking99's ghost, amateur GrFi


Innate Abilities, Weirdness & Mutations

Your experience applies equally to all skills.
You have very sharp teeth.
Your uncanny sense of smell can sniff out nearby items.


Message History

You bite the worker ant, but do no damage.
The worker ant is severely wounded.
The worker ant bites you but does no damage.
The adder skeleton barely misses you. The worker ant completely misses you.
You hit the worker ant but do no damage.
You bite the worker ant, but do no damage.
The worker ant is severely wounded.
The adder skeleton bites you.
* * * LOW HITPOINT WARNING * * *
The worker ant closely misses you. The adder skeleton barely misses you.
You barely miss the worker ant.
The worker ant is severely wounded.
The worker ant barely misses you. The adder skeleton barely misses you.
The worker ant bites you.
* * * LOW HITPOINT WARNING * * *
You barely miss the worker ant.
You bite the worker ant, but do no damage.
The worker ant is severely wounded.
The adder skeleton closely misses you. The worker ant bites you.
You die...

########
##......##
#........##
#.......@†.#
#......Z)a.#
#..........#
#..........#
...........#
##........##
..........
..........


You could see a worker ant and an adder skeleton.

Vanquished Creatures
  A bullfrog (D:3)
  A worker ant (D:3)
  3 adders
  4 worms (D:3)
  2 leopard geckos
  A ball python (D:4)
  6 giant cockroaches (D:3)
  4 goblins
  7 hobgoblins
  5 jackals (D:3)
  2 bats
  5 frilled lizards
  3 kobolds
  A quokka skeleton (D:2)
  3 rats
48 creatures vanquished.

Notes
Turn   | Place    | Note
-------+----------+-------------------------------------------
     0 | D:1      | iamserjio the Gnoll Assassin began the quest for the Orb.
     0 | D:1      | Reached XP level 1. HP: 20/20 MP: 1/1
   196 | D:2      | Reached XP level 2. HP: 26/26 MP: 2/2
   393 | D:3      | Reached XP level 3. HP: 24/31 MP: 3/3
   450 | D:3      | Reached skill level 1 in Invocations
   451 | D:3      | Found a bloodstained altar of Trog.
   451 | D:3      | Found a sparkling altar of Nemelex Xobeh.
   564 | D:3      | Noticed a bullfrog
   574 | D:3      | Killed a bullfrog
   574 | D:3      | Reached skill level 1 in Long Blades
   574 | D:3      | Reached skill level 1 in Axes
   574 | D:3      | Reached skill level 1 in Maces & Flails
   574 | D:3      | Reached skill level 1 in Polearms
   574 | D:3      | Reached skill level 1 in Staves
   574 | D:3      | Reached skill level 1 in Slings
   574 | D:3      | Reached skill level 1 in Bows
   574 | D:3      | Reached skill level 1 in Crossbows
   574 | D:3      | Reached skill level 1 in Armour
   574 | D:3      | Reached skill level 1 in Shields
   574 | D:3      | Reached skill level 1 in Unarmed Combat
   574 | D:3      | Reached skill level 1 in Spellcasting
   574 | D:3      | Reached skill level 1 in Conjurations
   574 | D:3      | Reached skill level 1 in Hexes
   574 | D:3      | Reached skill level 1 in Charms
   574 | D:3      | Reached skill level 1 in Summonings
   574 | D:3      | Reached skill level 1 in Necromancy
   574 | D:3      | Reached skill level 1 in Translocations
   574 | D:3      | Reached skill level 1 in Transmutations
   574 | D:3      | Reached skill level 1 in Fire Magic
   574 | D:3      | Reached skill level 1 in Ice Magic
   574 | D:3      | Reached skill level 1 in Air Magic
   574 | D:3      | Reached skill level 1 in Earth Magic
   574 | D:3      | Reached skill level 1 in Poison Magic
   574 | D:3      | Reached skill level 1 in Evocations
   574 | D:3      | Reached XP level 4. HP: 21/38 MP: 5/5
   614 | D:3      | Reached XP level 5. HP: 22/43 MP: 6/6
   666 | D:4      | Noticed sking99's ghost (amateur GrFi)
   726 | D:3      | Found a white marble altar of Elyvilon.
   748 | D:3      | Learned a level 1 spell: Animate Skeleton
   752 | D:3      | Learned a level 3 spell: Regeneration
   821 | D:3      | Found a deep blue altar of Sif Muna.
   923 | D:3      | Learned a level 1 spell: Pain
  1026 | D:4      | Slain by a worker ant

Skill      XL: |  1  2  3  4  5 |
---------------+----------------+-----
Invocations    | 1 |  1.7
Long Blades    | 1 |  1.5
Axes           | 1 |  1.5
Maces & Flails | 1 |  1.5
Polearms       | 1 |  1.5
Staves         | 1 |  1.5
Slings         | 1 |  1.5
Bows           | 1 |  1.5
Crossbows      | 1 |  1.5
Armour         | 1 |  1.5
Shields        | 1 |  1.5
Unarmed Combat | 1 |  1.5
Spellcasting   | 1 |  1.5
Conjurations   | 1 |  1.2
Hexes          | 1 |  1.2
Charms         | 1 |  1.2
Summonings     | 1 |  1.2
Necromancy     | 1 |  1.2
Translocations | 1 |  1.2
Transmutations | 1 |  1.2
Fire Magic     | 1 |  1.2
Ice Magic      | 1 |  1.2
Air Magic      | 1 |  1.2
Earth Magic    | 1 |  1.2
Poison Magic   | 1 |  1.2
Evocations     | 1 |  1.5
Dodging        | 3 |  3.0
Fighting       | |  4.8
Short Blades   | |  4.8
Throwing       | |  4.8
Stealth        | |  7.9

Action                   |  1- 3 |  4- 6 || total
-------------------------+-------+-------++-------
Melee: Dagger            |    77 |    86 ||   163
       Bite              |    14 |    11 ||    25
       Falchion          |       |    16 ||    16
       Punch             |       |     1 ||     1
 Fire: Blowgun           |     1 |     6 ||     7
 Cast: Regeneration      |       |     2 ||     2
  Use: Potion            |       |     4 ||     4
 Stab: Sleeping          |     6 |     4 ||    10
Armor: Robe              |     7 |    24 ||    31
       Skin              |       |     4 ||     4
Dodge: Dodged            |    25 |    74 ||    99
       Rpst.: Falchion   |       |     3 ||     3
